 Dungeon Crawl Stone Soup version 0.23-a0-49-gd9f7a49 (webtiles) character file.

5583 Mgcat the Jinx (level 10, -11/51 HPs)
             Began as a Spriggan Enchanter on Aug 7, 2018.
             Was a Priest of Dithmenos.
             Killed by divine providence
             ... invoked by an orc priest
              (13 damage)
             ... on level 9 of the Dungeon.
             The game lasted 00:33:16 (10164 turns).

Mgcat the Jinx (Spriggan Enchanter)                Turns: 10164, Time: 00:33:17

Health: -11/51     AC:  6    Str:  6    XL:     10   Next: 44%
Magic:  6/15       EV: 19    Int: 17    God:    Dithmenos [***...]
Gold:   156        SH:  7    Dex: 18    Spells: 5/15 levels left

rFire    + . .     SeeInvis +   i - +1 dagger (venom)
rCold    . . .     Gourm    .   p - +2 buckler
rNeg     . . .     Faith    .   C - +2 robe {rF+}
rPois    .         Spirit   .   (helmet restricted)
rElec    .         Reflect  .   n - +1 cloak
rCorr    .         Harm     .   (gloves unavailable)
MR       +....                  (boots unavailable)
Stlth    ++++++++..             (no amulet)
HPRegen  0.17/turn              h - ring of stealth {Stlth+}
MPRegen  0.14/turn              v - +1 ring of evasion

@: wreathed by umbra, very quick
A: very small, unfitting armour, see invisible, herbivore, speed 3, slow
metabolism 2
a: Shadow Step, Renounce Religion


You were on level 9 of the Dungeon.
You worshipped Dithmenos.
Dithmenos was most pleased with you.
You were very hungry.

You visited 2 branches of the dungeon, and saw 10 of its levels.
You also visited: Sewer.

You collected 396 gold pieces.
You spent 240 gold pieces at shops.

Inventory:

Hand Weapons
 i - a +1 dagger of venom (weapon)
   (You took it off a goblin on level 2 of the Dungeon)
Armour
 n - a +1 cloak (worn)
   (You found it on level 3 of the Dungeon)
 p - a +2 buckler (worn)
   (You found it on level 3 of the Dungeon)
 C - a +2 robe of fire resistance (worn)
   (You took it off Erica on level 8 of the Dungeon)
Jewellery
 h - a ring of stealth (left hand) {Stlth+}
   (You found it on level 4 of the Dungeon)
 v - a +1 ring of evasion (right hand)
   (You found it on level 5 of the Dungeon)
Wands
 q - a wand of disintegration (10)
   (You found it on level 6 of the Dungeon)
 r - a wand of iceblast (11)
   (You found it on level 3 of the Dungeon)
 x - a wand of digging (12)
   (You found it on level 5 of the Dungeon)
 B - a wand of enslavement (11)
   (You found it on level 8 of the Dungeon)
Scrolls
 e - 4 scrolls of remove curse
 g - 2 scrolls of blinking {!r}
 l - a scroll of amnesia
 o - 6 scrolls of teleportation
 w - a scroll of identify
 y - a scroll of fear
Potions
 a - 4 potions of invisibility
 c - 3 potions of curing
 f - 2 potions of lignification {!q}
 j - a potion of mutation {!q}
 k - a potion of resistance {unknown}
 m - 3 potions of heal wounds
 s - a potion of agility {unknown}
 t - a potion of degeneration {unknown}
 u - a potion of flight {unknown}
 z - 2 potions of might
 A - a potion of haste {unknown}
Comestibles
 d - 3 rations


   Skills:
 - Level 5.0 Fighting
 - Level 8.8 Short Blades
 - Level 3.0 Dodging
 + Level 9.6 Stealth
 - Level 3.0 Spellcasting
 + Level 11.8 Hexes
 - Level 2.0 Ice Magic
 + Level 3.1 Invocations


You had 5 spell levels left.
You knew the following spells:

 Your Spells              Type           Power        Failure   Level  Hunger
a - Corona                Hex            #####..      1%          1    None
b - Ensorcelled Hibernat  Hex/Ice        ####..       2%          2    ##.....
c - Confuse               Hex            #####...     1%          3    ###....
d - Tukima's Dance        Hex            #####...     1%          3    ###....
e - Confusing Touch       Hex            #####.       1%          1    None

Your spell library contained the following spells:

 Spells                   Type           Power        Failure   Level  Hunger
 Apportation              Tloc           #.....       28%         1    None
 Conjure Flame            Conj/Fire      #.......     65%         3    ###....
 Lightning Bolt           Conj/Air       #.........   100%        5    ######.
 Freezing Cloud           Conj/Ice/Air   #.........   100%        6    #######
 Mephitic Cloud           Conj/Pois/Air  #.......     65%         3    ###....
 Ring of Flames           Chrm/Fire      #.........   100%        7    #######
 Summon Small Mammal      Summ           #...         28%         1    None
 Animate Skeleton         Necr           N/A          28%         1    None
 Shock                    Conj/Air       #...         28%         1    None
 Swiftness                Chrm/Air       #.......     41%         2    ##.....
 Spider Form              Tmut/Pois      #.........   65%         3    ###....
 Blade Hands              Tmut           #.........   100%        5    ######.
 Ice Form                 Ice/Tmut       #.......     88%         4    ####...
 Airstrike                Air            #.........   96%         4    ####...
 Sticks to Snakes         Tmut           #.......     41%         2    ##.....
 Metabolic Englaciation   Hex/Ice        ####......   43%         5    ######.
 Static Discharge         Conj/Air       #.......     65%         3    ###....
 Petrify                  Tmut/Erth      #.......     96%         4    ####...
 Beastly Appendage        Tmut           #.....       28%         1    None
 Dazzling Spray           Conj/Hex       ###...       8%          3    ###....
 Gell's Gravitas          Tloc           #.........   65%         3    ###....
 Yara's Violent Unravell  Hex/Tmut       ###.......   56%         5    ######.
 Poisonous Vapours        Pois/Air       #.....       41%         2    ##.....


Dungeon Overview and Level Annotations

Branches:
Dungeon (9/15)             Temple (1/1) D:4
   Lair: D:8-11         Orc: D:9-12

Altars:
Ashenzari
Cheibriados
Dithmenos
Elyvilon
Fedhas
Gozag
Hepliaklqana
Kikubaaqudgha
Makhleb
Nemelex Xobeh
Okawaru
Qazlal
Ru
Sif Muna
Trog
Uskayaw
Vehumet
Wu Jian
Xom
Yredelemnul
Zin
The Shining One

Shops:
D:6 :


Innate Abilities, Weirdness & Mutations

You are very small and have problems with some larger weapons.
You are too small for most types of armour.
You have supernaturally acute eyesight. (SInv)
You are a herbivore.
You cover ground extremely quickly.
You need to consume almost no food.


Message History

There is a stone staircase leading up here.
A sky beast comes into view.
An orc wizard comes into view. It is wielding a dagger.
Unknown command.
Unknown command.
Unknown command.
An orc and an orc warrior come into view.
The orc wizard shouts!
The orc shouts!
An orc priest comes into view. It is wielding a falchion.
The sky beast flickers out of sight for a moment.
The orc priest shouts!
An orc comes into view. It is wielding a hand axe.
The orc shouts!
Casting: Ensorcelled Hibernation (safe; 2% risk of failure)
Confirm with . or Enter, or press ? or * to list all spells.
Aiming: Confuse (safe; 1% risk of failure)
Press: ? - help, Shift-Dir - straight line, f - sky beast
Aim: a sky beast (slightly transparent, umbra, chance to defeat MR: 68%)
The sky beast appears confused.
The orc warrior shouts!
You hit the sky beast but do no damage.
The orc priest miscasts a cantrip.
You block the sky beast's attack.
You hit the sky beast.
The sky beast is lightly wounded.
You hit the sky beast but do no damage.
The sky beast is poisoned.
The sky beast is lightly wounded.
You block the orc warrior's attack. The sky beast hits you.
The sky beast shocks you.
You catch the helpless sky beast completely off-guard!
You impale the sky beast!!
You kill the sky beast!
Dithmenos accepts your kill.
Your Invocations skill increases to level 3!
Casting: Confuse (safe; 1% risk of failure)
Confirm with . or Enter, or press ? or * to list all spells.
Aiming: Ensorcelled Hibernation (safe; 2% risk of failure)
Press: ? - help, Shift-Dir - straight line, f - orc warrior
Aim: an orc warrior, wielding a trident and wearing a plate armour (umbra, chance to defeat MR: 55%)
The orc warrior resists with significant effort.
The orc warrior hits you from afar with a trident!!
The orc wizard casts a spell.
The orc wizard flickers and vanishes for a moment.
Casting: Ensorcelled Hibernation (safe; 2% risk of failure)
Confirm with . or Enter, or press ? or * to list all spells.
Aiming: Ensorcelled Hibernation (safe; 2% risk of failure)
Press: ? - help, Shift-Dir - straight line, f/p - orc warrior
Aim: an orc warrior, wielding a trident and wearing a plate armour (umbra, chance to defeat MR: 55%)
The orc warrior looks drowsy...
The helpless orc warrior fails to defend itself.
You stick the orc warrior like a pincushion!!!!
You kill the orc warrior!
Dithmenos accepts your kill. The orc closely misses you.
Things that are here:
a trident; a plate armour; an orc corpse You completely miss the orc.
You hit the orc but do no damage.
The orc is poisoned.
The orc barely misses you.
You hit the orc but do no damage.
The orc looks as sick as possible!
The orc is lightly wounded.
You hit the orc but do no damage.
The orc is lightly wounded.
The orc hits you with a club.
You hit the orc but do no damage.
The orc looks as sick as possible!
The orc is moderately wounded.
You hit the orc.
The orc looks as sick as possible!
The orc is heavily wounded.
The orc priest calls down the wrath of Beogh upon you.
The orc wizard writhes in agony!
You kill the orc!
Dithmenos accepts your kill.
Casting: Ensorcelled Hibernation (safe; 2% risk of failure)
Confirm with . or Enter, or press ? or * to list all spells.
Aiming: Ensorcelled Hibernation (safe; 2% risk of failure)
Press: ? - help, Shift-Dir - straight line, f - orc wizard
Aim: an orc wizard, wielding a dagger and wearing a robe (severely wounded, slightly transparent, umbra, chance to defeat MR: 55%)
The orc wizard looks drowsy...
You are feeling very hungry.
Things that are here:
a trident; a plate armour; an orc corpse The helpless orc wizard fails to defend itself.
You stick the orc wizard like a pincushion!!!!
You kill the orc wizard!
Dithmenos accepts your kill.
You barely miss the orc. The orc hits you with a hand axe.
You hit the orc but do no damage.
The orc priest mumbles some strange prayers to Beogh against you.
Beogh smites you!
* * * LOW HITPOINT WARNING * * *
Casting: Ensorcelled Hibernation (safe; 2% risk of failure)
Confirm with . or Enter, or press ? or * to list all spells.
Aiming: Ensorcelled Hibernation (safe; 2% risk of failure)
Press: ? - help, Shift-Dir - straight line, f - orc
Aim: an orc, wielding a hand axe and wearing a leather armour (umbra, chance to defeat MR: 72%)
The orc struggles to resist.
The orc hits you with a hand axe.
* * * LOW HITPOINT WARNING * * *
The orc priest invokes the aid of Beogh against you.
Beogh smites you!
You die...

### #.. # ######.#
.#.#
.......#######)...#
#.....@)oo...#
#######.#######!..##
#.......# .##
#.####### # #.# #<#
#.# #.# #.#


You could see an orc priest and an orc.

Vanquished Creatures
  Erica (D:8)
  A two-headed ogre (D:8)
  Psyche (D:8)
  A polar bear (D:8)
  Sigmund (D:5)
  A yak (D:8)
  Menkaure (D:5)
  A water moccasin (D:8)
  4 orc warriors
  2 sky beasts
  A hornet zombie (D:8)
  2 ice beasts
  A necrophage (D:7)
  4 ogres
  A wolf (D:8)
  3 centaurs
  A big kobold (D:8)
  2 bullfrogs (D:7)
  2 scorpions
  4 killer bees (D:8)
  5 wights (D:6)
  2 howler monkeys (D:7)
  An electric eel (D:8)
  3 crimson imps
  A bullfrog zombie (D:7)
  A quasit (D:8)
  2 hounds
  A jelly (D:5)
  2 orc priests
  4 orc wizards
  A bullfrog skeleton (D:7)
  3 iguanas
  7 worker ants
  A bullfrog simulacrum (D:8)
  Robin (D:2)
  3 gnolls (D:7)
  5 adders
  A hound simulacrum (D:8)
  5 white imps (D:8)
  An ufetubus (D:8)
  3 worms
  A dart slug (D:3)
  An adder simulacrum (D:8)
  6 leopard geckos
  28 orcs
  3 ball pythons
  12 bats
  3 giant cockroaches
  18 goblins
  12 hobgoblins
  16 jackals
  11 kobolds
  8 quokkas
  6 frilled lizards
  A jackal simulacrum (D:8)
  A leopard gecko skeleton (D:4)
  4 rats
219 creatures vanquished.

Vanquished Creatures (others)
  2 dancing weapons (D:6)
2 creatures vanquished.

Grand Total: 221 creatures vanquished

Notes
Turn   | Place    | Note
-------+----------+-------------------------------------------
     0 | D:1      | Mgcat the Spriggan Enchanter began the quest for the Orb.
     0 | D:1      | Reached XP level 1. HP: 9/9 MP: 5/5
   190 | D:1      | Reached skill level 5 in Stealth
   212 | D:1      | HP: 2/9 [hobgoblin (2)]
   216 | D:1      | Reached XP level 2. HP: 4/13 MP: 6/6
   220 | D:1      | Learned a level 2 spell: Ensorcelled Hibernation
   413 | D:1      | HP: 2/13 [leopard gecko (3)]
  1058 | D:1      | Reached skill level 6 in Stealth
  1293 | D:2      | Reached XP level 3. HP: 16/16 MP: 0/8
  1485 | D:2      | HP: 3/16 [kobold/short sword (5)]
  1995 | D:2      | Reached skill level 7 in Stealth
  2008 | D:2      | Noticed Robin
  2016 | D:2      | Killed Robin
  2209 | D:2      | Learned a level 3 spell: Confuse
  2217 | D:2      | Reached XP level 4. HP: 17/21 MP: 7/9
  2354 | D:2      | Reached skill level 8 in Stealth
  3107 | D:3      | Reached skill level 1 in Fighting
  3112 | D:3      | Reached skill level 2 in Short Blades
  3251 | D:3      | Reached XP level 5. HP: 25/25 MP: 7/10
  3296 | D:3      | Learned a level 3 spell: Tukima's Dance
  3650 | D:4      | Found a staircase to the Ecumenical Temple.
  3671 | Temple   | Entered the Ecumenical Temple
  4065 | D:4      | HP: 5/25 [orc/short sword of draining (2)]
  4389 | D:4      | Found a white marble altar of Elyvilon.
  4391 | D:4      | Found an opulent altar of Gozag.
  4395 | D:4      | Found a shadowy altar of Dithmenos.
  4433 | D:4      | Became a worshipper of Dithmenos the Shadowed
  4729 | D:4      | Reached skill level 3 in Spellcasting
  4987 | D:4      | Found a basalt altar of Yredelemnul.
  4989 | D:4      | Found a shimmering altar of Xom.
  4989 | D:4      | Found an iron altar of Okawaru.
  4993 | D:4      | Found an ornate altar of the Wu Jian Council.
  4993 | D:4      | Found a deep blue altar of Sif Muna.
  4993 | D:4      | Found a blossoming altar of Fedhas.
  5234 | D:5      | Entered Level 5 of the Dungeon
  5267 | D:5      | Noticed Sigmund
  5274 | D:5      | Killed Sigmund
  5274 | D:5      | Reached skill level 2 in Fighting
  5274 | D:5      | Reached skill level 3 in Short Blades
  5274 | D:5      | Reached skill level 4 in Hexes
  5274 | D:5      | Reached skill level 1 in Ice Magic
  5274 | D:5      | Reached XP level 6. HP: 30/30 MP: 11/11
  5286 | D:5      | Noticed Menkaure
  5292 | D:5      | Noticed an ice beast
  5300 | D:5      | Killed an ice beast
  5302 | D:5      | Killed Menkaure
  5302 | D:5      | Reached XP level 7. HP: 35/35 MP: 5/12
  5361 | D:5      | Reached skill level 4 in Short Blades
  5361 | D:5      | Reached skill level 2 in Ice Magic
  5427 | D:5      | Reached skill level 5 in Hexes
  5749 | D:5      | Reached skill level 3 in Fighting
  5802 | D:5      | Found a glowing golden altar of the Shining One.
  6139 | D:6      | Found Ireahoe's Book Boutique.
  6178 | D:6      | Found a glowing drain.
  6200 | D:6      | Reached * piety under Dithmenos
  6213 | Sewer    | Entered a sewer
  6714 | D:6      | Reached skill level 6 in Hexes
  6714 | D:6      | Reached XP level 8. HP: 18/42 MP: 0/13
  6910 | D:6      | Reached skill level 4 in Fighting
  7362 | D:6      | Reached ** piety under Dithmenos
  7374 | D:6      | Bought a book of Misfortune for 240 gold pieces
  7376 | D:6      | Learned a level 1 spell: Confusing Touch
  7449 | D:7      | Reached skill level 7 in Hexes
  7669 | D:7      | Reached skill level 5 in Fighting
  7760 | D:7      | Found a hazy altar of Hepliaklqana.
  7809 | D:7      | Reached skill level 8 in Hexes
  7870 | D:7      | Found a burning altar of Makhleb.
  7876 | D:7      | Reached skill level 5 in Short Blades
  8147 | D:7      | Reached XP level 9. HP: 28/47 MP: 0/14
  8299 | D:7      | Reached skill level 6 in Short Blades
  8299 | D:7      | Reached skill level 9 in Hexes
  8822 | D:8      | Reached skill level 7 in Short Blades
  8961 | D:8      | Reached skill level 10 in Hexes
  9040 | D:8      | Noticed a polar bear
  9048 | D:8      | Reached *** piety under Dithmenos
  9078 | D:8      | Killed a polar bear
  9197 | D:8      | Noticed Erica
  9203 | D:8      | Killed Erica
  9203 | D:8      | Reached skill level 8 in Short Blades
  9203 | D:8      | Reached skill level 11 in Hexes
  9355 | D:8      | Reached XP level 10. HP: 51/51 MP: 15/15
  9440 | D:8      | Noticed Psyche
  9458 | D:8      | Killed Psyche
  9458 | D:8      | Reached skill level 1 in Invocations
  9834 | D:8      | Noticed a two-headed ogre
  9841 | D:8      | Killed a two-headed ogre
  9841 | D:8      | Reached skill level 9 in Stealth
  9841 | D:8      | Reached skill level 2 in Invocations
 10143 | D:9      | Reached skill level 3 in Invocations
 10162 | D:9      | HP: 6/51 [orc priest/divine providence (17)]
 10163 | D:9      | HP: 2/51 [orc/hand axe (5)]
 10164 | D:9      | Killed from afar by an orc priest

Vault maps used:
D:1:      lightli_iron_boxes, hangedman_decor_points, st_stairs_11
D:2:      uniq_robin
D:4:      doesnt_xom_only_xom, grunt_temple_overflow_open,
          minmay_temple_entry_junction, first_ration
D:5:      lemuel_coloured_pillars_altar, uniq_menkaure, uniq_sigmund
D:6:      serial_shops, shop_statue, cheibrodos_sewer_entry_sluice
D:7:      marbit_many_paths, old_standard_altar, serial_glass, glass_columns_a,
          glass_columns_c, glass_columns_b, glass_columns_a, glass_columns_a,
          glass_columns_a
D:8:      serial_ice, serial_ice_b, serial_ice_k, serial_ice_c, serial_ice_n,
          serial_ice_m, serial_ice_a, uniq_psyche, uniq_erica
D:9:      yredelemnul_altar_generic, hangedman_little_slice_of_home,
          minivault_15, grunt_gozag_breadcrumbs
Temple:   eino_temple_water
Sewer:    sewer_fruit_machine

Skill      XL: |  1  2  3  4  5  6  7  8  9 10 |
---------------+-------------------------------+-----
Stealth        | 5 6 7 8 9 |  9.6
Fighting       | 1 2 3 5 |  5.0
Short Blades   | 2 3 4 5 8 |  8.8
Spellcasting   | 3 |  3.0
Hexes          | 4 6 8 11 | 11.8
Ice Magic      | 1 2 |  2.0
Invocations    | 3 |  3.1
Dodging        | |  3.0

Action                   |  1- 3 |  4- 6 |  7- 9 | 10-12 || total
-------------------------+-------+-------+-------+-------++-------
Melee: Dagger            |   174 |   176 |   363 |    70 ||   783
       Unarmed           |       |       |     4 |       ||     4
 Cast: Ensorcelled Hiber |    28 |    28 |    56 |    13 ||   125
       Confuse           |       |     2 |    14 |     3 ||    19
       Tukima's Dance    |       |       |     6 |     1 ||     7
       Confusing Touch   |       |       |     1 |       ||     1
Evoke: Wand              |       |       |     1 |       ||     1
  Use: Scroll            |       |     7 |     7 |       ||    14
       Potion            |       |       |     1 |       ||     1
 Stab: Sleeping          |    20 |    23 |    56 |    10 ||   109
       Distracted        |       |     3 |     2 |       ||     5
       Confused          |       |     3 |     7 |     4 ||    14
  Eat: Ration            |       |     3 |     5 |     1 ||     9
Armor: Robe              |    17 |    17 |    30 |     3 ||    67
Dodge: Dodged            |   117 |   117 |   236 |    22 ||   492
Block: Buckler           |       |    37 |   103 |     5 ||   145

Table legend:
 A = Spawn XP
 B = Non-spawn XP
 C = Spawn XP percentage of total XP
 D = Spawn monster count
 E = Non-spawn monster count
 F = Spawn count percentage of total count
 G = Total turns spent on level
                    A         B        C        D         E        F      G
               +---------+---------+-------+---------+---------+-------+---------
         Total |       0 |    7977 |   0.0 |       0 |     219 |   0.0 | 10164
               +---------+---------+-------+---------+---------+-------+---------
           D:1 |       0 |      27 |   0.0 |       0 |      15 |   0.0 |  1159
           D:2 |       0 |     103 |   0.0 |       0 |      37 |   0.0 |  1521
           D:3 |       0 |     124 |   0.0 |       0 |      32 |   0.0 |   953
           D:4 |       0 |     100 |   0.0 |       0 |      12 |   0.0 |  1123
           D:5 |       0 |     758 |   0.0 |       0 |      10 |   0.0 |   758
           D:6 |       0 |     551 |   0.0 |       0 |      24 |   0.0 |  1207
           D:7 |       0 |    1349 |   0.0 |       0 |      23 |   0.0 |  1043
           D:8 |       0 |    4673 |   0.0 |       0 |      49 |   0.0 |  1641
           D:9 |       0 |     267 |   0.0 |       0 |       4 |   0.0 |    38
         Sewer |       0 |      25 |   0.0 |       0 |      13 |   0.0 |   243
               +---------+---------+-------+---------+---------+-------+---------

Vault maps used:
D:1:      lightli_iron_boxes, hangedman_decor_points, st_stairs_11
D:2:      uniq_robin
D:4:      doesnt_xom_only_xom, grunt_temple_overflow_open,
          minmay_temple_entry_junction, first_ration
D:5:      lemuel_coloured_pillars_altar, uniq_menkaure, uniq_sigmund
D:6:      serial_shops, shop_statue, cheibrodos_sewer_entry_sluice
D:7:      marbit_many_paths, old_standard_altar, serial_glass, glass_columns_a,
          glass_columns_c, glass_columns_b, glass_columns_a, glass_columns_a,
          glass_columns_a
D:8:      serial_ice, serial_ice_b, serial_ice_k, serial_ice_c, serial_ice_n,
          serial_ice_m, serial_ice_a, uniq_psyche, uniq_erica
D:9:      yredelemnul_altar_generic, hangedman_little_slice_of_home,
          minivault_15, grunt_gozag_breadcrumbs
Temple:   eino_temple_water
Sewer:    sewer_fruit_machine

Table legend:
 A = Turns spent in this place as a percentage of turns spent in the entire game.
 B = Non-inter-level travel turns spent in this place as a percentage of non-inter-level travel turns spent in the entire game.
 C = Inter-level travel turns spent in this place as a percentage of turns spent in this place.
 D = Turns resting spent in this place as a percentage of non-inter-level travel turns spent in this place.
 E = Turns spent auto-exploring this place as a percentage of non-inter-level travel turns spent in this place.
 F = Non-inter-level travel turns spent in this place divided by the number of levels of this place that you've seen.
                   A       B       C       D       E      F
               +-------+-------+-------+-------+-------+----------------------
         Total | 100.0 | 100.0 |   2.1 |  10.3 |  66.6 | 904.3
       Dungeon |  92.9 |  92.9 |   2.1 |   7.6 |  70.1 | 1026.9
        Temple |   4.7 |   4.6 |   3.3 |  70.8 |  15.8 | 462.0
         Sewer |   2.4 |   2.4 |   0.0 |   0.0 |  26.7 | 243.0
               +-------+-------+-------+-------+-------+----------------------

Table legend:
 A = Kills in this place as a percentage of kills in entire the game.
 B = Kills by you in this place as a percentage of kills by you in the entire game.
 C = Kills by friends in this place as a percentage of kills by friends in the entire game.
 D = Other kills in this place as a percentage of other kills in the entire game.
 E = Experience gained in this place as a percentage of experience gained in the entire game.
 F = Experience gained in this place divided by the number of levels of this place that you have seen.
                   A       B       C       D       E      F
               +-------+-------+-------+-------+-------+----------------------
         Total | 100.0 | 100.0 |   N/A |   N/A | 100.0 | 725.2
       Dungeon |  94.1 |  94.1 |   N/A |   N/A |  99.7 | 883.6
         Sewer |   5.9 |   5.9 |   N/A |   N/A |   0.3 |  25.0
               +-------+-------+-------+-------+-------+----------------------
